 Dungeon Sprint DCSS version 0.29.1-12-g30fa7ad0bf (webtiles) character file.

Game seed: 950648021427563997

59616 112233 the Slayer (level 14, -7/195 HPs)
             Began as an Ogre Fighter on Dec 25, 2022.
             Was the Champion of the Shining One.
             Mangled by a sphinx (15 damage)
             ... in the Dungeon (Sprint IX: "|||||||||||||||||||||||||||||") on Dec 26, 2022.
             The game lasted 00:12:44 (6785 turns).

112233 the Slayer (Ogre Fighter)                    Turns: 6785, Time: 00:12:44

Health: -7/195     AC: 19    Str: 29    XL:     14   Next: 95%
Magic:  25/25      EV: 14    Int:  9    God:    the Shining One [******]
Gold:   720        SH: 12    Dex: 12    Spells: 13/13 levels left

rFire   . . .      SeeInvis .   L - +6 giant spiked club (holy)
rCold   + + .      Faith    .   (shield currently unavailable)
rNeg    + + +      Spirit   .   N - +1 ice dragon scales
rPois   .          Reflect  .   A - +1 hat
rElec   .          Harm     .   n - +0 cloak
rCorr   .          Rampage  .   (gloves unavailable)
Will    +....      NoTele   +   (boots unavailable)
Stlth   ..........              D - amulet of regeneration
HPRegen 1.22/turn               J - ring of protection from fire
MPRegen 0.19/turn               E - +6 ring of strength

@: divinely shielded, marked, glowing
A: large, unfitting armour, tough skin 1
a: Renounce Religion, Divine Shield, Cleansing Flame, Summon Divine Warrior


You were in the Dungeon.
You worshipped the Shining One.
The Shining One was exalted by your worship.
You visited 1 branch You collected 1917 gold pieces.
You spent 1197 gold pieces at shops.

Inventory:

Hand Weapons
 d - a +0 shortbow
 L - a +6 giant spiked club of holy wrath (weapon)
 M - the +4 morningstar of Zinenuf {venom, Dex+7}
   (You found it in the Dungeon)

   It poisons the flesh of those it strikes.
   Dex:       It affects your dexterity (+7).
Missiles
 b - 27 large rocks (quivered)
Armour
 n - a +0 cloak (worn)
 A - a +1 hat (worn)
 N - +1 ice dragon scales (worn)
 O - a +1 tower shield
Jewellery
 o - a +3 ring of dexterity
 p - a +3 ring of intelligence
 w - an amulet of the acrobat
 D - an amulet of regeneration (around neck)
 E - a +6 ring of strength (right hand)
 H - an amulet of guardian spirit
 I - a ring of protection from fire
 J - a ring of protection from fire (left hand)
 K - a ring of protection from fire
Wands
 k - a wand of iceblast (8)
 F - a wand of flame (17)
Scrolls
 i - 2 scrolls of amnesia
 j - a scroll of blinking
 x - 3 scrolls of fear
 z - 8 scrolls of enchant armour
 B - a scroll of immolation
Potions
 g - a potion of haste
 h - 4 potions of magic
 r - 2 potions of berserk rage
 s - 3 potions of might
 t - a potion of resistance
 v - a potion of mutation
 C - a potion of cancellation
 G - a potion of lignification
 P - a potion of brilliance


   Skills:
 + Level 26.1 Fighting
 * Level 21.9 Maces & Flails
 + Level 5.5 Throwing
 * Level 13.7 Armour
 + Level 16.6 Dodging
 - Level 3.0 Shields
 - Level 15.0 Invocations


You had 13 spell levels left.
You didn't know any spells.
Your spell library was empty.

Dungeon Overview and Level Annotations

Branches:
Dungeon (1/1)

Altars:
Cheibriados
Dithmenos
Elyvilon
Fedhas
Gozag
Hepliaklqana
Kikubaaqudgha
Makhleb
Nemelex Xobeh
Okawaru
Qazlal
Ru
Sif Muna
Trog
Uskayaw
Vehumet
Wu Jian
Xom
Yredelemnul
Zin
The Shining One
Jiyva
Lugonu

Shops:
D (=*(


Innate Abilities, Weirdness & Mutations

You are too large for most types of armour.
You have tough skin. (AC +1)


Message History

The ironbound preserver begins to accept its allies' injuries.
Electricity crackles from the ironbound thunderhulk's apparatus.
The bolt of lightning misses you.
A slime creature comes into view.
You sock the sphinx!
The sphinx is lightly wounded.
The sphinx casts a spell.
You resist with significant effort.
You impale the sphinx!!
The sphinx is moderately wounded.
Strange energies crackle from the ironbound thunderhulk's apparatus.
The ironbound thunderhulk blinks!
The sphinx casts a spell.
You suddenly lose the ability to move!
Electricity crackles from the ironbound thunderhulk's apparatus.
The bolt of lightning hits you!!
A dire elephant comes into view.
The sphinx hits you but does no damage. The sphinx barely misses you.
The sphinx hits you but does no damage. The sphinx hits you!
The sphinx hits you but does no damage. The sphinx completely misses you.
The sphinx hits you but does no damage. x2; The sphinx hits you.
The sphinx mumbles some strange words.
You resist with significant effort.
Electricity crackles from the ironbound thunderhulk's apparatus.
The bolt of lightning hits you!! The sphinx completely misses you.
The sphinx hits you but does no damage. x2
Electricity crackles from the ironbound thunderhulk's apparatus.
The bolt of lightning hits you!!!
You can move again.
You completely miss the sphinx.
The sphinx is moderately wounded.
You block the sphinx's attack. x3
Electricity crackles from the ironbound thunderhulk's apparatus.
The bolt of lightning hits you!!!
* * * LOW HITPOINT WARNING * * *
You stick the sphinx like a pincushion!!!
The sphinx is heavily wounded.
The sphinx hits you!
You die...

▓▓▓▓▓▓▓▓▓▓▓▓▓▓▓▓▓▓▓▓▓▓▓▓
YJcpOYH@......))'...)..[
▓▓▓▓▓▓▓▓▓▓▓▓▓▓▓▓▓▓▓▓▓▓▓▓▓▓▓▓▓▓▓▓▓
....)............................
▓▓▓▓▓▓▓▓▓▓▓▓▓▓▓▓▓▓▓▓▓▓▓▓▓▓▓▓▓▓▓▓▓
......'........††......))))......
▓▓▓▓▓▓▓▓▓▓▓▓▓▓▓▓▓▓▓▓▓▓▓▓▓▓▓▓▓▓▓▓▓
...............................).
▓▓▓▓▓▓▓▓▓▓▓▓▓▓▓▓▓▓▓▓▓▓▓▓▓▓▓▓▓▓▓▓▓
...'.............)['[.........[[[


You could see 2 dire elephants, an ironbound preserver, a sphinx (sheltered), an
ironbound thunderhulk (sheltered), a yaktaur captain (sheltered) and a slime
creature (sheltered).

Vanquished Creatures
  Rupert (D)
  A sphinx (D)
  Gastronok (D)
  A tengu reaver (D)
  Donald (D)
  A fire giant (D)
  A frost giant (D)
  A vault warden (D)
  3 very ugly things (D)
  2 ironbound preservers (D)
  3 stone giants (D)
  2 entropy weavers (D)
  A spark wasp (D)
  A minotaur (shapeshifter) (D)
  2 ettins (D)
  Erolcha (D)
  A hydra (D)
  2 centaur warriors (D)
  An ironbound frostheart (D)
  2 tengu warriors (D)
  2 alligators (D)
  A two-headed ogre (D)
  A naga sharpshooter (D)
  A shock serpent (D)
  3 pharaoh ants (D)
  A spriggan druid (D)
  A glowing orange brain (D)
  2 sea snakes (D)
  A harpy (D)
  2 necromancers (D)
  2 wizards (D)
  3 ugly things (D)
  2 orc knights (D)
  3 cyclopes (D)
  3 manticores (D)
  Joseph (D)
  A vault sentinel (D)
  3 naga magi (D)
  A torpor snail (D)
  A black mamba (D)
  3 cane toads (D)
  A rime drake (D)
  A demonic crawler (D)
  A yaktaur (D)
  An unseen horror (D)
  A freezing wraith (D)
  A tengu conjurer (D)
  2 komodo dragons (D)
  A queen bee (shapeshifter) (D)
  2 merfolk (D)
  A wind drake (D)
  3 polar bears (D)
  2 blink frogs (D)
  2 slime creatures (D)
  A shadow (D)
  A wraith (D)
  5 wyverns (D)
  Eustachio (D)
  2 redbacks (D)
  Grum (D)
  2 water moccasins (D)
  13 orc warriors (D)
  An ice beast (D)
  5 black bears (D)
  3 wolves (D)
  A phantom (D)
  2 centaurs (D)
  2 bullfrogs (D)
  A scorpion (D)
  A hound (D)
  An orc priest (D)
  5 orc wizards (D)
  5 orcs (D)
  An endoplasm (D)
  A jackal (D)
  A kobold (D)
  2 bats (D)
144 creatures vanquished.

Vanquished Creatures (collateral kills)
  A sphinx (D)
  A stone giant (D)
  An ironbound thunderhulk (D)
  A dire elephant (D)
  A spriggan air mage (D)
  A rakshasa (D)
  An anaconda (D)
  A hydra (D)
  A naga warrior (D)
  A spriggan berserker (D)
  A shock serpent (D)
  2 swamp dragons (D)
  A flayed ghost (D)
  A bog body (D)
  5 orc knights (D)
  An ugly thing (D)
  9 orc warriors (D)
  2 orcs (D)
32 creatures vanquished.

Vanquished Creatures (others)
  A goliath frog (D)
  A cane toad (D)
  A basilisk (D)
3 creatures vanquished.

Grand Total: 179 creatures vanquished

Notes
Turn   | Place    | Note
-------+----------+-------------------------------------------
     0 | D        | 112233 the Ogre Fighter began the quest for the Orb.
     0 | D        | Reached XP level 1. HP: 24/24 MP: 1/1
     9 | D        | Reached skill level 5 in Fighting
    86 | D        | Noticed a phantom
    86 | D        | Noticed a scorpion
    86 | D        | Noticed a hound
    86 | D        | Noticed a centaur
    86 | D        | Noticed an ice beast
    96 | D        | Killed an ice beast
    97 | D        | Reached skill level 9 in Fighting
    97 | D        | Reached skill level 5 in Dodging
    97 | D        | Reached XP level 2. HP: 40/44 MP: 2/2
    97 | D        | Reached XP level 3. HP: 48/52 MP: 3/3
    97 | D        | Reached XP level 4. HP: 54/59 MP: 4/4
   100 | D        | Killed a centaur
   101 | D        | Reached skill level 11 in Fighting
   101 | D        | Reached XP level 5. HP: 57/71 MP: 5/5
   108 | D        | Reached skill level 5 in Maces & Flails
   113 | D        | Reached skill level 12 in Fighting
   113 | D        | Reached XP level 6. HP: 52/83 MP: 6/6
   259 | D        | Found a snail-covered altar of Cheibriados.
   259 | D        | Found a shadowy altar of Dithmenos.
   259 | D        | Found a white marble altar of Elyvilon.
   259 | D        | Found a blossoming altar of Fedhas.
   259 | D        | Found an opulent altar of Gozag.
   260 | D        | Found a hazy altar of Hepliaklqana.
   261 | D        | Found a viscous altar of Jiyva.
   262 | D        | Found an ancient bone altar of Kikubaaqudgha.
   263 | D        | Found a corrupted altar of Lugonu.
   264 | D        | Found a burning altar of Makhleb.
   265 | D        | Found a sparkling altar of Nemelex Xobeh.
   266 | D        | Found an iron altar of Okawaru.
   267 | D        | Found a stormy altar of Qazlal.
   268 | D        | Found a sacrificial altar of Ru.
   269 | D        | Found a shimmering blue altar of Sif Muna.
   270 | D        | Found a bloodstained altar of Trog.
   271 | D        | Found a hide-covered altar of Uskayaw.
   272 | D        | Found a radiant altar of Vehumet.
   273 | D        | Found an ornate altar of the Wu Jian Council.
   274 | D        | Found a shimmering altar of Xom.
   275 | D        | Found a basalt altar of Yredelemnul.
   276 | D        | Found a glowing silver altar of Zin.
   277 | D        | Found a glowing golden altar of the Shining One.
   285 | D        | Became a worshipper of the Shining One
   294 | D        | Got the +2 scimitar "Spiderslayer" {vorpal, rElec Str+2
                  | Int+4}
   317 | D        | Noticed an orc warrior
   317 | D        | Noticed a wyvern
   317 | D        | Reached * piety under the Shining One
   317 | D        | Noticed a two-headed ogre
   324 | D        | Killed a two-headed ogre
   325 | D        | Reached skill level 15 in Fighting
   325 | D        | Reached XP level 7. HP: 42/98 MP: 7/7
   325 | D        | Reached XP level 8. HP: 46/107 MP: 8/8
   330 | D        | Killed a wyvern
   331 | D        | Reached skill level 16 in Fighting
   332 | D        | Noticed an unseen horror
   336 | D        | Killed an unseen horror
   337 | D        | Reached skill level 10 in Maces & Flails
   659 | D        | Noticed a manticore
   659 | D        | Noticed a centaur warrior
   659 | D        | Noticed a wraith
   659 | D        | Reached ** piety under the Shining One
   659 | D        | Noticed a shadow
   659 | D        | Noticed a tengu warrior
   674 | D        | Killed a tengu warrior
   675 | D        | Reached skill level 17 in Fighting
   675 | D        | Reached XP level 9. HP: 31/123 MP: 9/9
   677 | D        | Reached *** piety under the Shining One
   678 | D        | Reached skill level 18 in Fighting
   685 | D        | Killed a centaur warrior
   686 | D        | Reached skill level 19 in Fighting
   688 | D        | Killed a manticore
   689 | D        | Reached skill level 10 in Dodging
   689 | D        | Reached XP level 10. HP: 20/137 MP: 10/10
  1273 | D        | Noticed a cane toad
  1273 | D        | Reached **** piety under the Shining One
  1279 | D        | Reached skill level 1 in Invocations
  1299 | D        | Killed a cane toad
  1300 | D        | Reached skill level 20 in Fighting
  1450 | D        | Noticed a cane toad
  1450 | D        | Noticed a cane toad
  1450 | D        | Reached ***** piety under the Shining One
  1451 | D        | Noticed a cane toad
  1461 | D        | Killed a cane toad
  1462 | D        | Reached skill level 5 in Invocations
  1464 | D        | Killed a cane toad
  1480 | D        | Killed a cane toad
  1857 | D        | Reached XP level 11. HP: 149/149 MP: 11/15
  1883 | D        | Reached skill level 21 in Fighting
  2119 | D        | Noticed Gastronok
  2136 | D        | Killed Gastronok
  2137 | D        | Reached skill level 15 in Maces & Flails
  2676 | D        | Reached ****** piety under the Shining One
  2679 | D        | Noticed an orc knight
  2696 | D        | Killed an orc knight
  2916 | D        | Found Vaduj's Antique Weapon Boutique.
  2916 | D        | Noticed an orc knight
  2916 | D        | Noticed an orc knight
  2917 | D        | Noticed an orc knight
  2928 | D        | Killed an orc knight
  2932 | D        | Killed an orc knight
  2935 | D        | Killed an orc knight
  2937 | D        | Noticed an orc knight
  2944 | D        | Killed an orc knight
  2945 | D        | Reached skill level 22 in Fighting
  3258 | D        | Found Enyis's Assorted Antiques.
  3262 | D        | Found Ruta's Jewellery Boutique.
  3266 | D        | Found Miemy's Antique Weapon Shop.
  3269 | D        | Noticed an orc knight
  3278 | D        | Killed an orc knight
  3279 | D        | Reached XP level 12. HP: 121/162 MP: 15/19
  3470 | D        | Bought a scroll labelled TOSIZUVUMO for 24 gold pieces
  3470 | D        | Bought a bubbling brown potion for 21 gold pieces
  3470 | D        | Bought a scroll of fear for 96 gold pieces
  3472 | D        | Bought an amulet of regeneration for 330 gold pieces
  3476 | D        | Bought a +6 ring of strength for 396 gold pieces
  3494 | D        | Bought an amulet of the acrobat for 330 gold pieces
  3535 | D        | Noticed Eustachio
  3537 | D        | Noticed Grum
  3547 | D        | Killed Grum
  3550 | D        | Killed Eustachio
  3551 | D        | Reached skill level 10 in Invocations
  3820 | D        | Noticed Erolcha
  3828 | D        | Killed Erolcha
  3963 | D        | Got the +4 morningstar of Zinenuf {venom, Dex+7}
  4033 | D        | Noticed a tengu warrior
  4039 | D        | Killed a tengu warrior
  4039 | D        | Noticed a centaur warrior
  4040 | D        | Reached skill level 1 in Armour
  4049 | D        | Noticed an ettin
  4064 | D        | Killed a centaur warrior
  4072 | D        | Killed an ettin
  4073 | D        | Noticed a stone giant
  4084 | D        | Noticed a stone giant
  4089 | D        | Killed a stone giant
  4090 | D        | Reached skill level 23 in Fighting
  4090 | D        | Noticed a stone giant
  4093 | D        | Reached skill level 5 in Armour
  4106 | D        | Killed a stone giant
  4120 | D        | Killed a stone giant
  4335 | D        | Noticed Donald
  4348 | D        | Killed Donald
  4349 | D        | Reached XP level 13. HP: 168/175 MP: 18/21
  5118 | D        | Reached skill level 24 in Fighting
  5374 | D        | Reached skill level 15 in Dodging
  5587 | D        | Noticed an entropy weaver
  5587 | D        | Noticed an entropy weaver
  5595 | D        | Killed an entropy weaver
  5596 | D        | Reached skill level 10 in Armour
  5606 | D        | Killed an entropy weaver
  5628 | D        | Reached XP level 14. HP: 96/189 MP: 24/24
  5740 | D        | Noticed Rupert
  5753 | D        | Killed Rupert
  5827 | D        | Noticed Joseph
  5840 | D        | Killed Joseph
  5888 | D        | Noticed a sphinx
  5888 | D        | Noticed a stone giant
  5888 | D        | Noticed a cyan very ugly thing
  5897 | D        | Killed a cyan very ugly thing
  5914 | D        | Reached skill level 25 in Fighting
  5925 | D        | Killed a stone giant
  5927 | D        | Noticed a tengu reaver
  5930 | D        | Killed a sphinx
  6213 | D        | Killed a tengu reaver
  6356 | D        | Noticed an entropy weaver
  6358 | D        | Noticed a storm dragon
  6358 | D        | an entropy weaver changed into a storm dragon
  6367 | D        | a storm dragon changed into a death yak
  6392 | D        | Reached skill level 15 in Invocations
  6413 | D        | Noticed a fire giant
  6417 | D        | Noticed a frost giant
  6418 | D        | Reached skill level 1 in Throwing
  6422 | D        | Killed a fire giant
  6441 | D        | Killed a frost giant
  6454 | D        | Identified a +6 giant spiked club of holy wrath (a +4 giant
                  | spiked club blessed by the Shining One)
  6454 | D        | Received a gift from the Shining One
  6522 | D        | Noticed a sphinx
  6522 | D        | Noticed an ironbound preserver
  6522 | D        | Noticed an ironbound preserver
  6522 | D        | Noticed an ironbound thunderhulk
  6525 | D        | Noticed a dire elephant
  6528 | D        | Killed an ironbound thunderhulk
  6530 | D        | Killed an ironbound preserver
  6531 | D        | Noticed a cyan very ugly thing
  6536 | D        | Killed an ironbound preserver
  6539 | D        | Noticed a cyan very ugly thing
  6545 | D        | Killed a sphinx
  6553 | D        | Killed a dire elephant
  6572 | D        | Killed a cyan very ugly thing
  6595 | D        | Reached skill level 26 in Fighting
  6595 | D        | Reached skill level 5 in Throwing
  6602 | D        | Killed a cyan very ugly thing
  6754 | D        | Noticed a vault warden
  6765 | D        | Killed a vault warden
  6770 | D        | Noticed a sphinx
  6770 | D        | Noticed a dire elephant
  6771 | D        | Noticed an ironbound preserver
  6774 | D        | Noticed an ironbound thunderhulk
  6778 | D        | Paralysed by a sphinx for 5 turns
  6779 | D        | Noticed a dire elephant
  6784 | D        | HP: 7/195 [ironbound thunderhulk/bolt of lightning (57)]
  6785 | D        | Mangled by a sphinx

Illustrated notes

Levels and vault maps discovered:
D:        linesprint [early_d, line_temple, items_1, d_10, items_2, lair_1,
          lair_end, items_3, orc_1, orc_end, items_4, d_15, swamp_1, shoals_1,
          snake_1, spider_1, d_20, vaults_1, items_5, swamp_end, shoals_end,
          snake_end, spider_end, vaults_end, d_27, items_6, zot_1, zot_end,
          crypt_end, forest_end, elf_end, slime_end, tomb_end, abyss_end,
          pan_hell_end]

Skill      XL: |  1  2  3  4  5  6  7  8  9 10 11 12 13 14 |
---------------+-------------------------------------------+-----
Dodging        | 5 6 8 9 10 11 12 14 15 16 | 16.6
Fighting       | 9 11 12 15 17 19 20 22 23 24 26 | 26.1
Maces & Flails | 3 4 5 8 11 12 14 16 18 20 21 | 21.9
Invocations    | 6 9 11 14 15 | 15.0
Armour         | 6 10 13 | 13.7
Throwing       | 5 |  5.5
Shields        | |  3.0

Action                   |  1- 3 |  4- 6 |  7- 9 | 10-12 | 13-15 || total
-------------------------+-------+-------+-------+-------+-------++-------
Melee: Flail             |    21 |    17 |       |       |       ||    38
       Dire flail        |       |     6 |    40 |   188 |       ||   234
       Morningstar       |       |       |       |    73 |   208 ||   281
       Punch             |       |       |       |     3 |     3 ||     6
       Giant spiked club |       |       |       |       |    47 ||    47
Throw: Large rock        |       |       |       |       |     2 ||     2
Invok: Divine Shield     |       |       |       |    10 |    11 ||    21
       Summon Divine War |       |       |       |     3 |     6 ||     9
       Brand Weapon With |       |       |       |       |     1 ||     1
Evoke: Wand              |       |       |       |     1 |    10 ||    11
  Use: Potion            |     1 |     3 |       |       |     8 ||    12
       Scroll            |       |       |       |     3 |     6 ||     9
Armor: Robe              |    12 |     6 |    10 |     7 |       ||    35
       Ice dragon scales |       |       |       |    15 |    67 ||    82
Dodge: Dodged            |     9 |    15 |    28 |    80 |   132 ||   264
Block: Kite shield       |     5 |    11 |       |       |       ||    16
       Other             |       |       |       |    42 |    83 ||   125
